 Dungeon Crawl Stone Soup version 0.25.1-8-g42b30a86e7 (webtiles) character file.

Game seed: 4688049168169038912

98 Azimut41r the Charlatan (level 5, 0/33 HPs)
             Began as a Halfling Artificer on Dec 13, 2020.
             Was an Initiate of Gozag.
             Slain by an adder (2 damage)
             ... on level 2 of the Dungeon.
             The game lasted 00:09:28 (2485 turns).

Azimut41r the Charlatan (Halfling Artificer)        Turns: 2485, Time: 00:09:29

Health: 0/33       AC:  3    Str: 10 (13) XL:     5   Next: 1%
Magic:  6/6        EV: 15    Int:  7 (9)  God:    Gozag
Gold:   93         SH:  0    Dex: 15 (16) Spells: 4/4 levels left

rFire    . . .     SeeInvis .   a - +0 short sword
rCold    . . .     Gourm    .   (shield restricted)
rNeg     . . .     Faith    .   b - +0 leather armour
rPois    .         Spirit   .   (no helmet)
rElec    .         Reflect  .   (no cloak)
rCorr    .         Harm     .   (no gloves)
MR       .....                  (no boots)
Stlth    ++........             (no amulet)
HPRegen  0.11/turn              (no ring)
MPRegen  0.10/turn              (no ring)

@: lethally poisoned (0 -> -7), gold aura
A: small, low mp 1, mutation resistance 1
a: Potion Petition, Call Merchant, Bribe Branch, Renounce Religion


You were on level 2 of the Dungeon.
You worshipped Gozag.
Gozag was noncommittal.
You were not hungry.

You visited 1 branch of the dungeon, and saw 2 of its levels.

You collected 125 gold pieces.
You paid 32 gold pieces to Gozag.

Inventory:

Hand Weapons
 a - a +0 short sword (weapon)
Armour
 b - a +0 leather armour (worn)
 g - a +0 leather armour
Jewellery
 i - an uncursed ring of protection from fire
 l - an uncursed ring of wizardry
 r - an uncursed amulet of the acrobat {unknown}
Wands
 c - a wand of flame (5)
 d - a wand of enslavement (15)
 e - a wand of random effects (15)
Scrolls
 k - 2 scrolls of enchant weapon {unknown}
 m - 2 scrolls of teleportation {unknown}
 n - 2 scrolls of identify {unknown}
 q - a scroll of amnesia {unknown}
Potions
 p - a potion of stabbing {unknown}
 s - a potion of mutation
 t - a potion of lignification {unknown}
Comestibles
 f - a ration


   Skills:
 + Level 1.4 Fighting
 + Level 2.7 Short Blades
 + Level 2.2 Armour
 + Level 3.0 Dodging
 + Level 1.4 Stealth
 + Level 3.3 Evocations


You had 4 spell levels left.
You didn't know any spells.
Your spell library was empty.

Dungeon Overview and Level Annotations

Branches:
Dungeon (2/15)

Altars:
Dithmenos
Elyvilon
Gozag
Qazlal
Uskayaw
Wu Jian
Yredelemnul
The Shining One


Innate Abilities, Weirdness & Mutations

You are small and have problems with some larger weapons.
You are somewhat resistant to further mutation.
Your magical capacity is low. (-10% MP)


Message History

* * * LOW HITPOINT WARNING * * *
You feel sick. The adder closely misses you.
You are very lightly contaminated with residual magic.
* * * LOW HITPOINT WARNING * * *
You feel sick.
Things that are here:
8 gold pieces; a +0 dagger It was a potion of cancellation.
Your magical effects are unravelling.
You feel magically purged.
Your magical contamination has completely faded away.
You flicker back into view.
* * * LOW HITPOINT WARNING * * *
You feel sick. The adder barely misses you. The adder closely misses you.
It was a potion of degeneration.
There was something very wrong with that liquid.
You feel weakened.
You feel dopey.
You feel clumsy. The adder bites you.
You die...
Your body crumbles into a pile of gold.

$ ...# #...# #...#
#### #...# ##
##...###...# #..
##.....##...##...
#.......#...#....
#.....S@'...'....
#.......#...#...
##.....##...#
##...###...# # #####
#...# ##### #
##...###...###...## #
##.....##...##.....##
#
#.......#...#.......#
#
#.......'...'..)....#
#


You could see an adder.

Vanquished Creatures
  A centaur skeleton (D:2)
  An adder (D:2)
  2 oozes (D:1)
  A worm (D:2)
  3 dart slugs (D:1)
  A leopard gecko (D:2)
  3 giant cockroaches
  12 goblins
  3 hobgoblins
  2 ball pythons
  4 bats
  A frilled lizard (D:1)
  3 kobolds (D:1)
  6 rats (D:1)
43 creatures vanquished.

Notes
Turn   | Place    | Note
-------+----------+-------------------------------------------
     0 | D:1      | Azimut41r the Halfling Artificer began the quest for the
                  | Orb.
     0 | D:1      | Reached XP level 1. HP: 12/12 MP: 3/3
    92 | D:1      | Reached XP level 2. HP: 16/18 MP: 4/4
   475 | D:1      | Reached skill level 1 in Fighting
   475 | D:1      | Reached XP level 3. HP: 19/23 MP: 5/5
  1384 | D:2      | Reached XP level 4. HP: 8/28 MP: 6/6
  1605 | D:2      | Found a basalt altar of Yredelemnul.
  1606 | D:2      | Found a stormy altar of Qazlal.
  1608 | D:2      | Found a glowing golden altar of the Shining One.
  1608 | D:2      | Found a white marble altar of Elyvilon.
  1608 | D:2      | Found an ornate altar of the Wu Jian Council.
  1995 | D:2      | Found a hide-covered altar of Uskayaw.
  1995 | D:2      | Found an opulent altar of Gozag.
  1996 | D:2      | Found a shadowy altar of Dithmenos.
  2015 | D:2      | Became a worshipper of Gozag Ym Sagoz the Greedy
  2443 | D:2      | Reached XP level 5. HP: 33/33 MP: 7/7
  2481 | D:2      | Gained mutation: Your magical capacity is low. (-10% MP)
                  | [potion of mutation]
  2485 | D:2      | Slain by an adder

Illustrated notes

Levels and vault maps discovered:
D:1:      saegor_arrival_simple_a, layout_loops_ring, chequers_mini_garden,
          minmay_small_reverse_x
D:2:      kennysheep_six_static_rooms, layout_basic, grunt_temple_overflow_open,
          first_ration

Skill      XL: |  1  2  3 |
---------------+----------+-----
Fighting       | 1 |  1.4
Dodging        | 3 |  3.0
Short Blades   | 2 |  2.7
Armour         | 2 |  2.2
Stealth        | |  1.4
Evocations     | |  3.3

Action                   |  1- 3 |  4- 6 || total
-------------------------+-------+-------++-------
Melee: Short sword       |   140 |    62 ||   202
Evoke: Wand              |     1 |     9 ||    10
  Use: Potion            |       |     4 ||     4
 Stab: Sleeping          |     2 |     1 ||     3
       Distracted        |       |     1 ||     1
  Eat: Chunk             |     2 |       ||     2
       Ration            |       |     1 ||     1
Armor: Leather armour    |    21 |    10 ||    31
Dodge: Dodged            |    94 |    46 ||   140
